 Dungeon Crawl Stone Soup version 0.23.2-33-g5129a83184 (webtiles) character file.

Game seed: 9319223449004257868

76540 funkygono the Peltast (level 15, -15/134 HPs)
             Began as a Minotaur Fighter on June 29, 2019.
             Was a High Priest of the Shining One.
             Demolished by a shambling mangrove (18 damage)
             ... on level 2 of the Swamp on July 2, 2019.
             The game lasted 01:22:56 (23922 turns).

funkygono the Peltast (Minotaur Fighter)           Turns: 23922, Time: 01:22:57

Health: -15/134    AC: 20    Str: 31    XL:     15   Next: 12%
Magic:  17/17      EV: 13    Int:  9    God:    the Shining One [*****.]
Gold:   1891       SH: 18    Dex: 12    Spells: 15/16 levels left

rFire    + + .     SeeInvis .   p - +3 whip (freeze)
rCold    x . .     Gourm    .   c - +2 shield
rNeg     + + .     Faith    +   e - +0 fire dragon scales
rPois    +         Spirit   .   (helmet restricted)
rElec    .         Reflect  .   A - +1 cloak
rCorr    .         Harm     .   D - +0 pair of gloves
MR       +++..                  r - +1 pair of boots
Stlth    ..........             w - amulet of Xom's Ringing Laughter {Faith MR++ Str+3 Int+4}
HPRegen  0.32/turn              L - ring of poison resistance
MPRegen  0.15/turn              a - +3 ring of strength

@: about to teleport, glowing
A: retaliatory headbutt, horns 2
a: Divine Shield, Cleansing Flame, Summon Divine Warrior, Renounce Religion


You were on level 2 of the Swamp.
You worshipped the Shining One.
The Shining One was extremely pleased with you.
You were not hungry.

You visited 5 branches of the dungeon, and saw 20 of its levels.

You collected 2078 gold pieces.
You spent 187 gold pieces at shops.

Inventory:

Hand Weapons
 p - a +3 whip of freezing (weapon)
 y - a +1 morningstar of draining
 B - a +0 hand crossbow
Missiles
 g - 216 sling bullets
Armour
 c - a +2 shield (worn)
 e - +0 fire dragon scales (worn)
 r - a +1 pair of boots (worn)
 A - a +1 cloak (worn)
 C - a +0 plate armour
 D - a +0 pair of gloves (worn)
Magical Staves
 I - an uncursed staff of earth
 K - an uncursed staff of cold {unknown}
Jewellery
 a - a +3 ring of strength (right hand)
 s - an uncursed ring of see invisible {unknown}
 t - a +6 ring of dexterity
 w - the amulet of Xom's Ringing Laughter (around neck) {Faith MR++ Str+3 Int+4}
   (You found it on level 1 of the Lair of Beasts)

   [amulet of faith]

   It allows you to gain divine favour quickly.
   It affects your strength (+3).
   It affects your intelligence (+4).
   It affects your resistance to hostile enchantments.
 L - a ring of poison resistance (left hand)
 O - a +3 ring of dexterity
Wands
 b - a wand of acid (7)
 d - a wand of iceblast (5)
Scrolls
 k - 3 scrolls of magic mapping
 n - 5 scrolls of remove curse
 q - 9 scrolls of teleportation
 u - a scroll of fear
 v - 4 scrolls of amnesia
 x - 2 scrolls of fog
 E - 2 scrolls of blinking
Potions
 h - 2 potions of haste
 i - 5 potions of curing
 j - 3 potions of lignification
 l - 2 potions of brilliance
 m - 2 potions of ambrosia
 o - 4 potions of mutation
 z - 2 potions of flight
 F - a potion of cancellation
 G - a potion of agility
 H - a potion of magic
Miscellaneous
 V - a lamp of fire
Comestibles
 f - 28 rations
 J - 20 chunks of flesh


   Skills:
 + Level 12.9 Fighting
 + Level 14.5 Maces & Flails
 + Level 14.4 Armour
 + Level 6.2 Dodging
 + Level 2.1 Stealth
 + Level 18.5 Shields
 + Level 1.0 Spellcasting
 + Level 0.3 Conjurations
 + Level 4.3 Invocations


You had 15 spell levels left.
You knew the following spells:

 Your Spells              Type           Power        Failure   Level  Hunger
a - Magic Dart            Conj           #...         52%         1    ##.....

Your spell library contained the following spells:

 Spells                   Type           Power        Failure   Level  Hunger
 Corona                   Hex            #......      56%         1    ##.....
 Searing Ray              Conj           #.....       67%         2    ###....
 Ensorcelled Hibernation  Hex/Ice        #.....       71%         2    ###....
 Dazzling Spray           Conj/Hex       #.....       89%         3    ####...
 Confuse                  Hex            #.......     90%         3    ####...
 Tukima's Dance           Hex            #.......     90%         3    ####...
 Iskenderun's Mystic Bla  Conj           #.......     99%         4    #####..
 Force Lance              Conj/Tloc      #.......     100%        4    #####..
 Fulminant Prism          Conj/Hex       #.........   100%        4    #####..
 Irradiate                Conj/Tmut      #.........   100%        5    ######.
 Hydra Form               Tmut           #.........   100%        6    #######
 Statue Form              Tmut/Erth      #........    100%        6    #######
 Dragon Form              Tmut           #.........   100%        7    #######


Dungeon Overview and Level Annotations

Branches:
Dungeon (9/15)             Temple (1/1) D:6            Lair (6/6) D:9
  Swamp (2/4) Lair:3       Spider (0/4) Lair:4        Slime (0/5) Lair:5
    Orc (2/2) D:9             Elf (0/3) Orc:2

Altars:
Ashenzari
Cheibriados
Dithmenos
Elyvilon
Fedhas
Gozag
Hepliaklqana
Kikubaaqudgha
Makhleb
Nemelex Xobeh
Okawaru
Qazlal
Ru
Sif Muna
Trog
Uskayaw
Vehumet
Wu Jian
Yredelemnul
Zin
The Shining One
Beogh
Jiyva

Shops:
D:6 ?   Orc:1 %   Orc:2 =}*[[(

Annotations:
Lair:4 exclusion: 2 oklob plants


Innate Abilities, Weirdness & Mutations

You reflexively headbutt those who attack you in melee.
You have a pair of horns on your head.


Message History

You feel better. You block the hornet's attack.
You block the shambling mangrove's attack.
* * * LOW HITPOINT WARNING * * *
The grasping roots constrict you!!
The roots' grasp on you weakens, but your attempt to escape fails.
The hornet stings you.
* * * LOW HITPOINT WARNING * * *
You feel yourself slow down. You block the hornet's attack.
The hornet completely misses you.
The grasping roots release their grip on you.
Unknown command.
The hornet closely misses you.
The hornet stings you but does no damage.
You feel yourself speed up. You block the hornet's attack.
As you read the scroll of teleportation, it crumbles to dust.
You feel strangely unstable. You block the hornet's attack.
The hornet closely misses you. You furiously retaliate!
You headbutt the hornet! The shambling mangrove hits you!!
You die...

♣≈..♣♣♣♣ ♣..♣♣ ♣..♣♣
♣.≈≈♣ ♣ ♣♣.♣♣ ♣.≈≈♣ ♣
♣.≈. ♣...♣♣♣♣ ♣ ♣..♣ ♣♣♣
♣♣......♣♣♣
♣♣..♣♣♣≈♣♣♣.≈≈≈≈≈≈.♣♣
♣≈≈§♣♣.≈≈♣..≈≈≈≈≈≈≈.. ≈
♣♣≈...≈..♣♣.≈≈≈≈≈≈≈≈..
≈..♣..≈y@.§≈..≈≈≈≈≈≈≈≈≈≈≈
≈..≈.≈≈yf♣.≈..≈≈≈≈≈≈≈≈≈.≈
§♣≈♣≈♣≈.♣≈≈...≈≈≈≈≈..≈≈≈≈
♣≈≈..♣♣≈..≈≈.≈≈.>...≈≈
♣≈≈≈≈.♣♣♣♣≈♣♣........≈≈
≈.≈≈≈≈≈.. ♣♣♣ ♣♣♣.....♣.
≈≈...≈≈≈≈ ♣≈≈≈ ≈.≈§≈≈≈≈≈♣
♣. ...≈..≈≈≈≈


You could see a shambling mangrove and 2 hornets.

Vanquished Creatures
  Jorgrun (Swamp:1)
  A fire dragon (Lair:6)
  9 hydras
  A catoblepas (Lair:5)
  Erica (Lair:2)
  6 alligators
  5 death yaks
  3 two-headed ogres
  An orc high priest (Orc:2)
  Sonja (Orc:2)
  A swamp dragon (Swamp:1)
  Pikel (D:5)
  2 lindwurms
  2 orc knights
  6 orc sorcerers
  An oklob plant (Lair:3)
  A cyclops (Orc:2)
  4 black mambas
  11 elephants
  3 molten gargoyles (Lair:6)
  3 rime drakes
  13 komodo dragons
  16 spiny frogs
  A queen bee (Lair:4)
  3 meliai (Lair:4)
  3 trolls
  3 tyrant leeches (Swamp:1)
  A hornet (Lair:5)
  Grinder (D:3)
  6 polar bears
  5 bog bodies (Swamp:1)
  2 dream sheep (D:9)
  9 hippogriffs
  10 blink frogs
  Sigmund (D:3)
  44 yaks
  8 wyverns
  2 hungry ghosts
  6 basilisks
  17 vampire mosquitoes
  3 steam dragons (Lair:6)
  6 swamp worms
  Menkaure (D:4)
  9 wargs
  Edmund (D:5)
  12 water moccasins
  5 hell hounds (Lair:6)
  A sky beast (D:8)
  A swamp drake (Swamp:2)
  21 orc warriors
  6 porcupines
  2 black bears
  3 ice beasts
  2 necrophages
  A phantom (D:8)
  4 centaurs
  18 wolves
  7 ogres
  10 crocodiles
  4 big kobolds (D:9)
  11 bullfrogs
  3 scorpions (Lair:4)
  35 killer bees
  9 wights
  6 electric eels
  5 crimson imps
  2 bullfrog zombies
  5 lava snakes (Lair:6)
  A human zombie (D:3)
  2 jellies
  6 hounds
  A gnoll shaman (D:5)
  14 orc priests
  39 orc wizards
  Terence (D:3)
  5 iguanas
  5 worker ants
  2 hound skeletons
  A worker ant zombie (D:5)
  3 gnolls (D:5)
  15 adders
  3 adder zombies
  2 adder skeletons
  8 worms
  2 dart slugs
  6 leopard geckos
  90 orcs
  7 giant cockroaches
  6 hobgoblins
  11 kobolds
  4 quokkas
  A ball python (D:4)
  11 bats
  2 frilled lizards
  5 goblins
  A goblin zombie (D:3)
  A jackal skeleton (D:8)
  A kobold skeleton (D:3)
  A quokka skeleton (D:5)
  8 rats
  A fungus (Lair:3)
  2 plants
676 creatures vanquished.

Vanquished Creatures (others)
  An orc wizard (Orc:2)
  A bush (Lair:3)
  10 fungi
  13 plants
25 creatures vanquished.

Grand Total: 701 creatures vanquished

Notes
Turn   | Place    | Note
-------+----------+-------------------------------------------
     0 | D:1      | funkygono the Minotaur Fighter began the quest for the Orb.
     0 | D:1      | Reached XP level 1. HP: 19/19 MP: 0/0
   169 | D:1      | Reached XP level 2. HP: 16/27 MP: 1/1
   344 | D:1      | Reached skill level 4 in Shields
   805 | D:2      | Reached XP level 3. HP: 24/33 MP: 2/2
   894 | D:2      | Found a faded altar of an unknown god.
   989 | D:2      | Found a shattered altar of Ashenzari.
  1519 | D:3      | Noticed a hungry ghost
  1532 | D:3      | Killed a hungry ghost
  1532 | D:3      | Reached skill level 5 in Armour
  1532 | D:3      | Reached skill level 5 in Shields
  1532 | D:3      | Reached XP level 4. HP: 30/41 MP: 3/3
  1532 | D:3      | Reached XP level 5. HP: 35/47 MP: 4/4
  1538 | D:3      | Noticed a human
  1539 | D:3      | Found a runed translucent door.
  1589 | D:3      | Noticed Grinder
  1592 | D:3      | Found a basalt altar of Yredelemnul.
  1629 | D:3      | Paralysed by Grinder for 4 turns
  1637 | D:3      | Killed Grinder
  1637 | D:3      | Reached skill level 5 in Maces & Flails
  1637 | D:3      | Reached XP level 6. HP: 39/55 MP: 5/5
  1641 | D:3      | Noticed Terence
  1651 | D:3      | Killed Terence
  1654 | D:3      | Noticed Sigmund
  1668 | D:3      | Killed Sigmund
  1668 | D:3      | Reached skill level 5 in Fighting
  1668 | D:3      | Reached XP level 7. HP: 44/61 MP: 6/6
  1808 | D:3      | Reached skill level 1 in Dodging
  2087 | D:4      | Noticed Menkaure
  2094 | D:4      | Killed Menkaure
  2094 | D:4      | Reached skill level 6 in Shields
  2305 | D:4      | Got a faintly glowing dagger
  2685 | D:4      | Found a sacrificial altar of Ru.
  2783 | D:4      | Identified the +4 dagger "Kasikee" {protect, *Rage Str+4
                  | Int+2} (You found it on level 4 of the Dungeon)
  2795 | D:5      | Entered Level 5 of the Dungeon
  2876 | D:5      | Noticed Pikel
  2904 | D:5      | Killed Pikel
  2904 | D:5      | Reached XP level 8. HP: 61/70 MP: 7/7
  3089 | D:5      | Reached skill level 7 in Shields
  3288 | D:5      | Reached skill level 1 in Stealth
  3294 | D:5      | Noticed Edmund
  3307 | D:5      | Killed Edmund
  3600 | D:6      | Reached XP level 9. HP: 75/78 MP: 8/8
  3682 | D:6      | Reached skill level 8 in Shields
  3941 | D:6      | Learned a level 1 spell: Magic Dart
  4078 | D:6      | Found a staircase to the Ecumenical Temple.
  4169 | Temple   | Entered the Ecumenical Temple
  4257 | Temple   | Became a worshipper of the Shining One
  4317 | D:6      | Found Isylaxas's Magic Scroll Emporium.
  4912 | D:7      | Reached skill level 10 in Maces & Flails
  5126 | D:7      | Reached skill level 9 in Shields
  5480 | D:8      | Reached * piety under the Shining One
  5527 | D:8      | Reached XP level 10. HP: 86/86 MP: 10/10
  5604 | D:8      | Reached skill level 1 in Spellcasting
  5685 | D:8      | Noticed a two-headed ogre
  5697 | D:8      | Killed a two-headed ogre
  6215 | D:9      | Reached ** piety under the Shining One
  6225 | D:9      | Reached skill level 10 in Shields
  6887 | D:9      | Found a staircase to the Lair.
  7002 | D:9      | Noticed a two-headed ogre
  7009 | D:9      | Killed a two-headed ogre
  7128 | D:9      | Reached XP level 11. HP: 95/95 MP: 11/11
  7143 | D:9      | Found a snail-covered altar of Cheibriados.
  7301 | D:9      | Found a roughly hewn altar of Beogh.
  7301 | D:9      | Found a staircase to the Orcish Mines.
  7579 | D:9      | Reached skill level 11 in Shields
  7629 | D:9      | Noticed a three-headed hydra
  7642 | D:9      | Killed a three-headed hydra
  7642 | D:9      | Reached skill level 1 in Invocations
  7824 | Lair:1   | Entered Level 1 of the Lair of Beasts
  8057 | Lair:1   | Reached skill level 10 in Armour
  8295 | Lair:1   | Got an ancient lead amulet
  8296 | Lair:1   | Identified the amulet of Xom's Ringing Laughter {Faith MR++
                  | Str+3 Int+4} (You found it on level 1 of the Lair of
                  | Beasts)
  8528 | Lair:1   | Found an iron altar of Okawaru.
  8920 | Lair:2   | Reached skill level 12 in Shields
  9423 | Lair:2   | Noticed Erica
  9443 | Lair:2   | Killed Erica
  9443 | Lair:2   | Reached skill level 10 in Fighting
  9443 | Lair:2   | Reached XP level 12. HP: 72/106 MP: 12/12
  9893 | Lair:3   | Noticed a five-headed hydra
 10021 | Lair:3   | Noticed an eight-headed hydra
 10306 | Lair:3   | Reached skill level 13 in Shields
 10334 | Lair:2   | Killed an eight-headed hydra
 10681 | Lair:2   | Killed a five-headed hydra
 11101 | Lair:3   | Found a staircase to the Swamp.
 11991 | Lair:4   | Noticed a six-headed hydra
 11998 | Lair:4   | Killed a six-headed hydra
 11998 | Lair:4   | Reached skill level 14 in Shields
 12750 | Lair:4   | Found a hole to the Spider Nest.
 12810 | Lair:4   | Noticed a seven-headed hydra
 12820 | Lair:4   | Killed a seven-headed hydra
 12820 | Lair:4   | Reached XP level 13. HP: 94/114 MP: 10/14
 12854 | Lair:4   | Reached skill level 15 in Shields
 15167 | Lair:5   | Got a heavily runed ring mail
 15178 | Lair:5   | Identified the cursed +0 ring mail "Tyema" {Regen+ Str+4}
                  | (You found it on level 5 of the Lair of Beasts)
 15514 | Lair:5   | Found a staircase to the Slime Pits.
 15514 | Lair:5   | Found a viscous altar of Jiyva.
 15767 | Lair:6   | Entered Level 6 of the Lair of Beasts
 15814 | Lair:6   | Reached skill level 16 in Shields
 15995 | Lair:6   | Reached *** piety under the Shining One
 16032 | Lair:6   | Reached skill level 5 in Dodging
 16398 | Lair:6   | Got a turquoise-encrusted leather armour
 16488 | Lair:6   | Reached XP level 14. HP: 94/125 MP: 15/15
 16684 | Lair:6   | HP: 4/125 [molten gargoyle/bolt of magma (17)]
 16695 | Lair:6   | HP: 6/125 [lindwurm/blast of flame (26)]
 16881 | Lair:6   | Found a large runed translucent door.
 16883 | Lair:6   | Found a large runed translucent door.
 16994 | Lair:6   | Reached **** piety under the Shining One
 17058 | Lair:6   | Reached skill level 17 in Shields
 17550 | Lair:6   | Identified the cursed +0 leather armour of Noon {rElec}
                  | (You found it on level 6 of the Lair of Beasts)
 17723 | Orc:1    | Entered Level 1 of the Orcish Mines
 17758 | Orc:1    | The Shining One protects you from harm!
 18303 | Orc:1    | Found Meuhebul's Food Emporium.
 18528 | Orc:2    | Entered Level 2 of the Orcish Mines
 18528 | Orc:2    | Noticed Sonja
 18927 | Orc:2    | Found a staircase to the Elven Halls.
 19269 | Orc:2    | Found Vumpe's Armour Boutique.
 19269 | Orc:2    | Found Ihethet's Weapon Emporium.
 19450 | Orc:2    | Found Tanow's Antique Armour Emporium.
 19479 | Orc:2    | Found a roughly hewn altar of Beogh.
 19493 | Orc:2    | Found Omusasm's Gadget Boutique.
 19493 | Orc:2    | Found Susotu's Assorted Antiques.
 19507 | Orc:2    | Bought a scroll of enchant weapon for 187 gold pieces
 19557 | Orc:2    | Found Idathaumm's Jewellery Shoppe.
 19794 | Orc:2    | Killed Sonja
 20330 | Orc:1    | Found a bloodstained altar of Trog.
 21185 | Lair:4   | HP: 5/127 [oklob plant/splash of acid (11)]
 21185 | Lair:4   | The Shining One protects you from harm!
 22213 | Swamp:1  | Entered Level 1 of the Swamp
 22239 | Swamp:1  | Reached skill level 18 in Shields
 22352 | Swamp:1  | Reached ***** piety under the Shining One
 22387 | Swamp:1  | Noticed Jorgrun
 22428 | Swamp:1  | Killed Jorgrun
 23089 | Swamp:1  | Reached XP level 15. HP: 132/134 MP: 17/17
 23621 | Swamp:2  | Found a sparkling altar of Nemelex Xobeh.
 23918 | Swamp:2  | HP: 4/134 [shambling mangrove (20)]
 23922 | Swamp:2  | Demolished by a shambling mangrove

Skill      XL: |  1  2  3  4  5  6  7  8  9 10 11 12 13 14 |
---------------+-------------------------------------------+-----
Shields        | 4 5 6 7 9 10 12 14 16 18 | 18.5
Fighting       | 4 5 6 7 8 10 11 12 | 12.9
Armour         | 4 5 6 8 9 10 12 13 14 | 14.4
Maces & Flails | 3 5 6 8 9 10 11 12 13 14 | 14.5
Dodging        | 1 2 3 4 5 6 |  6.2
Stealth        | 1 2 |  2.1
Spellcasting   | 1 |  1.0
Invocations    | 2 3 4 |  4.3
Conjurations   | |  0.3

Action                   |  1- 3 |  4- 6 |  7- 9 | 10-12 | 13-15 || total
-------------------------+-------+-------+-------+-------+-------++-------
Melee: Flail             |   118 |    46 |    85 |       |       ||   249
       Headbutt          |    22 |    13 |    91 |   263 |   480 ||   869
       Whip              |       |       |   266 |   905 |  1555 ||  2726
Invok: Divine Shield     |       |       |       |    22 |    12 ||    34
       Cleansing Flame   |       |       |       |       |     1 ||     1
  Use: Scroll            |     8 |       |     9 |    10 |    10 ||    37
       Potion            |       |       |       |     5 |     8 ||    13
  Eat: Chunk             |     2 |     3 |    13 |    18 |    25 ||    61
       Ration            |       |       |       |     3 |     3 ||     6
Armor: Scale mail        |    48 |    13 |    60 |       |       ||   121
       Plate armour      |       |       |    12 |   245 |   274 ||   531
       Ring mail         |       |       |       |       |    54 ||    54
       Fire dragon scale |       |       |       |       |     2 ||     2
Dodge: Dodged            |    36 |     6 |    52 |   166 |   331 ||   591
Block: Shield            |    65 |    23 |   165 |   682 |  1007 ||  1942
